 Dungeon Crawl Stone Soup version 0.18.1-6-gd335043 (webtiles) character file.

102 HungrySpirit the Insei (level 4, -5/31 HPs)
             Began as an Octopode Skald on May 18, 2016.
             Was an Initiate of Cheibriados.
             Slain by an ice beast (13 damage)
             ... on level 4 of the Dungeon.
             The game lasted 00:03:02 (2574 turns).

HungrySpirit the Insei (Octopode Skald)             Turns: 2574, Time: 00:03:02

Health: -5/31      AC:  1    Str: 12    XL:     4   Next: 78%
Magic:  6/7        EV: 13    Int: 15    God:    Cheibriados [......]
Gold:   180        SH:  0    Dex: 13    Spells: 2 memorised, 3 levels left

rFire  . . .     SeeInvis .       - Unarmed
rCold  . . .     Gourm    .     (no shield)
rNeg   . . .     Faith    .     (helmet restricted)
rPois  .         Spirit   .     (no amulet)
rElec  .         Dismiss  .     (no ring)
rCorr  .         Reflect  .     (no ring)
SustAt .         Harm     .     (no ring)
MR     .....                    (no ring)
Stlth  ++........               (no ring)
                                (no ring)
                                (no ring)
                                (no ring)

@: infused, very slow, not resistant to hostile enchantments, unstealthy
A: almost no armour, amphibious, 8 rings, constrict 8, camouflage 1, gelatinous
body 1
a: Bend Time, Renounce Religion


You were on level 4 of the Dungeon.
You worshipped Cheibriados.
Cheibriados was noncommittal.
You were not hungry.

You visited 1 branch of the dungeon, and saw 4 of its levels.

You collected 180 gold pieces.

Inventory:

Jewellery
 g - an uncursed amulet of guardian spirit {unknown}
 i - an uncursed ring of poison resistance {unknown}
Wands
 l - a wand of lightning (6/15)
Scrolls
 c - a scroll of recharging {unknown}
 f - 6 scrolls of identify {unknown}
 h - a scroll of blinking {unknown}
 j - 2 scrolls of immolation {unknown}
 m - a scroll of fear {unknown}
Potions
 d - 2 potions of cure mutation {unknown}
 e - 2 potions of ambrosia {unknown}
 n - a potion of heal wounds {unknown}
Books
 a - a book of Battle

   Spells                             Type                      Level
   a - Infusion                       Charms                       1
   b - Shroud of Golubria             Charms/Translocation         2
   c - Song of Slaying                Charms                       2
   d - Spectral Weapon                Hexes/Charms                 3
   e - Regeneration                   Charms/Necromancy            3
Comestibles
 b - 4 bread rations
 k - 2 meat rations
 o - 2 chunks of flesh


   Skills:
 + Level 3.0 Fighting
 + Level 2.7 Dodging
 * Level 3.4 Unarmed Combat
 - Level 2.0 Spellcasting
 - Level 3.0 Charms


You had 3 spell levels left.
You knew the following spells:

 Your Spells              Type           Power        Failure   Level  Hunger
a - Infusion              Chrm           ##..         8%          1    #......
b - Regeneration          Chrm/Necr      #.........   34%         3    ###....


Dungeon Overview and Level Annotations

Branches:
Dungeon (4/15)
 Temple: D:4-7

Altars:
Cheibriados
Elyvilon
Qazlal
Trog


Innate Abilities, Weirdness & Mutations

You cannot wear most types of armour.
You are amphibious.
You can wear up to eight rings at the same time.
You can use your tentacles to constrict eight enemies at once.
Your skin changes colour to match your surroundings (Stealth).
Your rubbery body absorbs attacks (AC +1).


Message History

An ice beast is nearby!
An ice beast is nearby!
An ice beast is nearby!
Casting: Infusion
Confirm with . or Enter, or press ? or * to list all spells.
You begin infusing your attacks with magical energy.
You swing at nothing.
You swing at nothing.
The ice beast barely misses you.
You closely miss the ice beast. Your squeeze misses the ice beast.
You barely miss the ice beast. The ice beast hits you.
The ice beast freezes you!
You closely miss the ice beast. The ice beast hits you.
The ice beast freezes you!
* * * LOW HITPOINT WARNING * * *
You tentacle-slap the ice beast.
The ice beast is lightly wounded.
The ice beast hits you.
* * * LOW HITPOINT WARNING * * *
The ice beast freezes you!
You die...

#.# #.# #.# #.# #.# #.# #Y##
#.########@.# #.........#.#
#########.#.# ######## #
#########.#.# #......##
#.##.#...........###.##8..8##
............#.....##.#....._#
###...<...#####.....###..###
###...### ##.#####.....#
#...# ##..####^.###


You could see an ice beast.

Vanquished Creatures
  5 adders
  An ooze (D:1)
  2 worms
  A dart slug (D:2)
  2 giant geckos
  4 bats
  2 giant cockroaches
  8 goblins
  5 hobgoblins
  A quokka (D:4)
  2 giant newts
  6 kobolds
  A quokka skeleton (D:4)
  4 rats
44 creatures vanquished.

Notes
Turn   | Place    | Note
--------------------------------------------------------------
     0 | D:1      | HungrySpirit the Octopode Skald began the quest for the Orb.
     0 | D:1      | Reached XP level 1. HP: 14/14 MP: 3/3
    76 | D:1      | Reached XP level 2. HP: 10/19 MP: 5/5
   222 | D:1      | HP: 1/20 [rat (2)]
   819 | D:2      | Reached XP level 3. HP: 25/25 MP: 1/6
  1182 | D:2      | Reached XP level 4. HP: 30/30 MP: 7/7
  1194 | D:2      | Found a stormy altar of Qazlal.
  2097 | D:3      | Found a bloodstained altar of Trog.
  2403 | D:4      | Found a white marble altar of Elyvilon.
  2421 | D:4      | Found a snail-covered altar of Cheibriados.
  2430 | D:4      | Became a worshipper of Cheibriados the Contemplative
  2537 | D:4      | Learned a level 3 spell: Regeneration
  2566 | D:4      | Noticed an ice beast
  2574 | D:4      | Slain by an ice beast

Skill      XL: |  1  2  3  4 |
---------------+-------------+-----
Dodging        | 2 |  2.7
Unarmed Combat | 3 |  3.4
Fighting       | 3 |  3.0
Spellcasting   | |  2.0
Charms         | |  3.0

Action                   |  1- 3 |  4- 6 || total
-------------------------+-------+-------++-------
Melee: Unarmed           |    60 |    49 ||   109
       Constrict         |    14 |    12 ||    26
       Tentacles         |     7 |     5 ||    12
       Punch             |       |     2 ||     2
 Cast: Infusion          |     2 |     3 ||     5
 Stab: Sleeping          |     5 |     6 ||    11
  Eat: Chunk             |     1 |     4 ||     5
Armor: Skin              |     9 |     3 ||    12
Dodge: Dodged            |    27 |    21 ||    48
